 Dungeon Crawl Stone Soup version 0.24.0-37-gcf1ca852f1 (webtiles) character file.

Game seed: 9211682365625465892, levelgen mode: deterministic

7352 MisterFreud the Cruncher (level 11, -3/92 HPs)
             Began as a Naga Fire Elementalist on Dec 6, 2019.
             Was a Follower of Vehumet.
             Slain by a slime creature (18 damage)
             ... on level 10 of the Dungeon.
             The game lasted 00:31:16 (9286 turns).

MisterFreud the Cruncher (Naga Fire Elementalist)   Turns: 9286, Time: 00:31:17

Health: -3/92      AC:  5    Str: 11    XL:     11   Next: 13%
Magic:  12/18      EV: 10    Int: 21    God:    Vehumet [*.....]
Gold:   569        SH:  0    Dex: 11    Spells: 12/20 levels left

rFire    . . .     SeeInvis +   x - +6 quarterstaff
rCold    . . .     Gourm    .   (shield currently unavailable)
rNeg     . . .     Faith    .   z - +1 robe of Melancholy {Int+2}
rPois    +         Spirit   .   (no helmet)
rElec    .         Reflect  .   (no cloak)
rCorr    .         Harm     .   (no gloves)
MR       +....                  (no barding)
Stlth    ++........             A - amulet of regeneration
HPRegen  0.65/turn              G - ring of flight
MPRegen  0.16/turn              (no ring)

@: very slightly contaminated, lightly drained, very slow
A: large, see invisible, deformed body, poison resistance, slowness 2, slow
metabolism 1, spit poison 1, AC +3
a: Spit Poison, Renounce Religion, Evoke Flight


You were on level 10 of the Dungeon.
You worshipped Vehumet.
Vehumet was aware of your devotion.
You were not hungry.

You visited 2 branches of the dungeon, and saw 11 of its levels.
You also visited: Sewer.

You collected 569 gold pieces.

Inventory:

Hand Weapons
 b - a +2 dire flail of protection
 x - a +6 quarterstaff (weapon)
 y - a +0 long sword
 F - a +0 hunting sling of flaming
Missiles
 d - 301 stones
 h - 48 poisoned darts
 i - 21 boomerangs (quivered)
 l - 183 arrows
 n - 76 bolts
 o - 41 sling bullets
 p - 15 atropa-tipped darts
Armour
 s - a +0 shield
 z - the +1 robe of Melancholy (worn) {Int+2}
   (You found it on level 4 of the Dungeon)

   It affects your intelligence (+2).
 B - a +0 troll leather armour {Purgy}
 K - the +3 chain mail "Qethunk" {rElec rC- rN+ Str-2 Int+7, unknown}
   (You found it on level 10 of the Dungeon)

   It affects your strength (-2).
   It affects your intelligence (+7).
   It makes you vulnerable to cold.
   It insulates you from electricity.
   It protects you from negative energy.
Magical Staves
 u - an uncursed staff of summoning
 H - an uncursed staff of wizardry {unknown}
Jewellery
 A - an amulet of regeneration (around neck)
 G - a ring of flight (left hand)
 N - an uncursed amulet of guardian spirit
Scrolls
 f - 3 scrolls of fear
 g - 8 scrolls of remove curse
 k - 3 scrolls of magic mapping
 v - 2 scrolls of immolation
Potions
 a - a potion of resistance
 e - 4 potions of agility
 j - a potion of might
 m - a potion of lignification
 r - a potion of brilliance
 t - 8 potions of curing
 w - a potion of haste
 D - 7 potions of flight
 E - a potion of magic
 I - a potion of mutation
 J - a potion of berserk rage
Comestibles
 c - 24 rations
 C - 2 chunks of flesh


   Skills:
 - Level 4.0(3.8) Fighting
 + Level 9.3(9.1) Staves
 - Level 1.5(1.4) Dodging
 - Level 3.0(2.8) Stealth
 - Level 7.9(7.7) Shields
 - Level 5.0(4.8) Spellcasting
 - Level 6.0(5.8) Conjurations
 - Level 6.0(5.8) Fire Magic


You had 12 spell levels left.
You knew the following spells:

 Your Spells              Type           Power        Failure   Level  Hunger
a - Flame Tongue          Conj/Fire      ####.        1%          1    None
b - Conjure Flame         Conj/Fire      ####....     3%          3    ##.....
c - Sticky Flame          Conj/Fire      ####....     10%         4    ####...

Your spell library contained the following spells:

 Spells                   Type           Power        Failure   Level  Hunger
 Shock                    Conj/Air       ###.         3%          1    None
 Magic Dart               Conj           ####         1%          1    None
 Searing Ray              Conj           ####..       1%          2    None
 Throw Flame              Conj/Fire      ####..       1%          2    None
 Sting                    Conj/Pois      ###.         3%          1    None
 Dazzling Spray           Conj/Hex       ###...       10%         3    ##.....
 Inner Flame              Hex/Fire       ###.....     10%         3    ##.....
 Iskenderun's Mystic Bla  Conj           ####....     10%         4    ####...
 Animate Skeleton         Necr           N/A          11%         1    None
 Apportation              Tloc           #.....       11%         1    None
 Confusing Touch          Hex            #.....       11%         1    None
 Summon Small Mammal      Summ           #...         11%         1    None
 Mephitic Cloud           Conj/Pois/Air  ##......     16%         3    ##.....
 Poisonous Vapours        Pois/Air       #.....       17%         2    None
 Fireball                 Conj/Fire      ####......   28%         5    #####..
 Force Lance              Conj/Tloc      ###.....     32%         4    ####...
 Fulminant Prism          Conj/Hex       ###.......   32%         4    ####...
 Venom Bolt               Conj/Pois      ###.......   67%         5    #####..
 Olgreb's Toxic Radiance  Pois           #.......     73%         4    ####...


Dungeon Overview and Level Annotations

Branches:
Dungeon (10/15)            Temple (1/1) D:7             Orc (0/2) D:10
  Sewer (visited)
   Lair: D:8-11

Altars:
Ashenzari
Cheibriados
Dithmenos
Elyvilon
Fedhas
Gozag
Hepliaklqana
Kikubaaqudgha
Makhleb
Nemelex Xobeh
Okawaru
Qazlal
Ru
Sif Muna
Trog
Uskayaw
Vehumet
Wu Jian
Xom
Yredelemnul
Zin
The Shining One
Lugonu


Innate Abilities, Weirdness & Mutations

You cannot wear boots.
Your serpentine skin is tough. (AC +3)
You have supernaturally acute eyesight. (SInv)
Armour fits poorly on your strangely shaped body.
Your system is resistant to poisons. (rPois)
You cover ground very slowly.
You have a slow metabolism.
You can spit poison.


Message History

The slime creature hits you.
You completely miss the large slime creature.
The large slime creature is moderately wounded.
The slime creature hits you! The large slime creature hits you!!
* * * LOW HITPOINT WARNING * * *
Unknown command.
You feel much better. The slime creature hits you!
* * * LOW HITPOINT WARNING * * *
The large slime creature hits you but does no damage.
Two slime creatures merge to form a very large slime creature.
The slime creature completely misses you.
Two slime creatures merge to form an enormous slime creature.
You aren't carrying any items that you can evoke without wielding.
Unknown command.
As you read the scroll of fear, it crumbles to dust.
You assume a fearsome visage.
The slime creature resists with some effort.
The enormous slime creature looks frightened!
The slime creature hits you!!
You die...

#...........######
#.......÷........##....
#...................#..
#..........#..........#
#######..[##.#..>..... ##
#####.........##...###
...##.....#.....###.......
...#..###.......###..>....
.....##.........@(J.......
........÷##......J........
.....##..####.#(...#......
..#..............!#......
# ###...#####.........##..
.##....## #....#........
... # .#....##
#....###.###.# ...#.
....#####. .......... ...
.... ....#..... ...#..#
#..##.# #.#.


You could see an enormous slime creature (fleeing) and a slime creature.

Vanquished Creatures
  A two-headed ogre (D:9)
  Pikel (D:8)
  Joseph (Temple)
  A hippogriff (D:7)
  2 wyverns (D:8)
  4 hogs (D:7)
  A human (D:7)
  Edmund (D:6)
  An orc warrior (D:7)
  Purgy (Sewer)
  5 ice beasts
  A sky beast (D:5)
  2 slaves (D:8)
  7 ogres
  3 necrophages
  A crocodile (D:9)
  A centaur (D:5)
  7 big kobolds (D:10)
  4 bullfrogs
  A gnoll sergeant (D:10)
  3 scorpions
  A howler monkey (D:7)
  8 wights
  5 killer bees (D:7)
  2 centaur zombies
  2 crimson imps
  3 quasits
  5 hounds
  4 orc priests
  A jelly (D:6)
  8 orc wizards
  2 iguanas
  5 worker ants
  A hound skeleton (D:5)
  A hound zombie (D:7)
  2 mummies
  A worker ant zombie (D:9)
  16 adders
  8 gnolls
  3 shadow imps (D:6)
  3 oozes
  An adder skeleton (D:4)
  4 worms
  5 dart slugs
  10 leopard geckos
  28 orcs
  12 giant cockroaches
  8 goblins
  8 hobgoblins
  6 jackals
  3 quokkas
  3 ball pythons
  4 bats
  12 frilled lizards
  A hobgoblin zombie (D:5)
  A jackal skeleton (D:5)
  A jackal zombie (D:7)
  4 kobolds
  2 kobold zombies (D:5)
  2 leopard gecko skeletons
  An orc zombie (D:5)
  8 rats
254 creatures vanquished.

Vanquished Creatures (others)
  2 orcs (D:8)
2 creatures vanquished.

Grand Total: 256 creatures vanquished

Notes
Turn   | Place    | Note
-------+----------+-------------------------------------------
     0 | D:1      | MisterFreud the Naga Fire Elementalist began the quest for
                  | the Orb.
     0 | D:1      | Reached XP level 1. HP: 15/15 MP: 3/3
   102 | D:1      | Reached XP level 2. HP: 13/22 MP: 5/5
   447 | D:1      | Reached XP level 3. HP: 28/28 MP: 6/6
  1320 | D:2      | Reached XP level 4. HP: 34/36 MP: 0/7
  1492 | D:2      | Reached XP level 5. HP: 42/42 MP: 5/9
  1497 | D:2      | Learned a level 3 spell: Conjure Flame
  1502 | D:2      | Learned a level 4 spell: Sticky Flame
  1710 | D:2      | Found a white marble altar of Elyvilon.
  1710 | D:2      | Found a glowing silver altar of Zin.
  1711 | D:2      | Found a sparkling altar of Nemelex Xobeh.
  2320 | D:3      | Reached XP level 6. HP: 49/49 MP: 7/10
  2544 | D:3      | Found a shimmering blue altar of Sif Muna.
  2545 | D:3      | Found a glowing golden altar of the Shining One.
  3149 | D:3      | Found a faded altar of an unknown god.
  3149 | D:3      | Found a stormy altar of Qazlal.
  3281 | D:3      | Found an iron altar of Okawaru.
  3283 | D:3      | Found a faded altar of an unknown god.
  3285 | D:3      | Found a sacrificial altar of Ru.
  3496 | D:4      | Reached XP level 7. HP: 44/55 MP: 4/13
  3572 | D:4      | Found a shadowy altar of Dithmenos.
  3949 | D:4      | Got a twisted robe
  3960 | D:4      | Identified the +1 robe of Melancholy {Int+2} (You found it
                  | on level 4 of the Dungeon)
  4094 | D:4      | Reached skill level 5 in Conjurations
  4094 | D:4      | Reached skill level 5 in Fire Magic
  4198 | D:5      | Entered Level 5 of the Dungeon
  4198 | D:5      | Found a glowing drain.
  4370 | D:5      | Reached XP level 8. HP: 41/62 MP: 9/15
  4378 | Sewer    | Entered a sewer
  4486 | Sewer    | Noticed Purgy
  4499 | Sewer    | Killed Purgy
  4588 | D:5      | Reached skill level 5 in Spellcasting
  4772 | D:5      | Reached skill level 1 in Fighting
  4930 | D:5      | Found a shattered altar of Ashenzari.
  5217 | D:6      | Reached skill level 1 in Shields
  5245 | D:6      | Reached XP level 9. HP: 64/78 MP: 4/16
  5326 | D:6      | Noticed Edmund
  5339 | D:6      | Killed Edmund
  5648 | D:6      | Found a burning altar of Makhleb.
  5888 | D:7      | Reached skill level 5 in Shields
  5919 | D:7      | Found an ancient bone altar of Kikubaaqudgha.
  6173 | D:7      | Found a staircase to the Ecumenical Temple.
  6190 | D:7      | Noticed Joseph
  6194 | Temple   | Entered the Ecumenical Temple
  6231 | Temple   | Became a worshipper of Vehumet
  6581 | Temple   | Killed Joseph
  6581 | Temple   | Reached XP level 10. HP: 53/85 MP: 9/17
  6749 | D:7      | Reached skill level 1 in Staves
  6895 | D:7      | Reached skill level 2 in Staves
  6986 | D:7      | Reached skill level 3 in Staves
  6994 | D:7      | Reached skill level 4 in Staves
  7451 | D:8      | Noticed Pikel
  7472 | D:8      | Killed Pikel
  7472 | D:8      | Reached skill level 5 in Staves
  7707 | D:8      | Reached skill level 6 in Staves
  7949 | D:8      | Found a blossoming altar of Fedhas.
  7949 | D:8      | Found an ornate altar of the Wu Jian Council.
  8316 | D:9      | Found a burning altar of Makhleb.
  8320 | D:9      | Found a shimmering altar of Xom.
  8346 | D:9      | Found a burning altar of Makhleb.
  8392 | D:9      | Reached skill level 7 in Staves
  8470 | D:9      | Noticed a two-headed ogre
  8480 | D:9      | Killed a two-headed ogre
  8480 | D:9      | Reached skill level 8 in Staves
  8621 | D:9      | Found a bloodstained altar of Trog.
  8759 | D:9      | Reached * piety under Vehumet
  8759 | D:9      | Offered knowledge of Shock by Vehumet.
  8782 | D:9      | Reached XP level 11. HP: 69/92 MP: 8/18
  8976 | D:10     | Entered Level 10 of the Dungeon
  9026 | D:10     | Found a staircase to the Orcish Mines.
  9054 | D:10     | Reached skill level 9 in Staves
  9236 | D:10     | Got a faintly glowing chain mail
  9283 | D:10     | HP: 1/92 [large slime creature (32)]
  9286 | D:10     | Slain by a slime creature

Levels and vault maps discovered:
D:1:      dpeg_arrival_connections, layout_rooms, patterned_corridor
D:2:      minmay_door_path, layout_loops_ring, gammafunk_temple_overflow_claw
D:3:      layout_rooms, chequers_temple_overflow_minitemple,
          gammafunk_temple_overflow_statue, first_ration, minivault_24,
          kennysheep_big_empty_room
D:4:      layout_loops_cross, minivault_23, kennysheep_nub,
          nicolae_dithmenos_shadow_blocks
D:5:      layout_rooms, nicolae_overflow_hidden_temple, portal_sewer_entry_a,
          abandoned_shop, minmay_mini_ossuary
D:6:      layout_basic, chequers_serial_rivers_room_b, lemuel_statue_altar,
          uniq_edmund
D:7:      layout_basic, lemuel_crystal_altar, minmay_temple_entry_mist,
          serial_undead, serial_undead_d, serial_undead_b, serial_undead_d,
          serial_undead_d, grunt_livestock, kennysheep_generic_room_2,
          uniq_joseph
D:8:      layout_loops_corners, gammafunk_temple_overflow_elements, uniq_pikel
D:9:      layout_roguey, grunt_temple_overflow_champion_of_chaos,
          lemuel_doored_altar, minivault_16, makhleb_heckhound_becter
D:10:     layout_rooms, kennysheep_orc_monster_closet_entryway,
          chequers_serial_rivers_small_a
Temple:   corrupted_temple

Skill      XL: |  1  2  3  4  5  6  7  8  9 10 11 |
---------------+----------------------------------+-----
Conjurations   | 2 3 4 5 6 |  6.0
Spellcasting   | 3 4 5 |  5.0
Fire Magic     | 4 5 6 |  6.0
Fighting       | 4 |  4.0
Shields        | 2 7 |  7.9
Staves         | 8 9 |  9.3
Dodging        | |  1.5
Stealth        | |  3.0

Action                   |  1- 3 |  4- 6 |  7- 9 | 10-12 || total
-------------------------+-------+-------+-------+-------++-------
Melee: Club              |     3 |    22 |       |       ||    25
       Dagger            |       |    23 |       |       ||    23
       Long sword        |       |       |   103 |       ||   103
       Dire flail        |       |       |    72 |       ||    72
       Quarterstaff      |       |       |       |   180 ||   180
Throw: Boomerang         |       |       |       |     1 ||     1
 Cast: Flame Tongue      |    28 |    57 |    29 |    10 ||   124
       Sticky Flame      |       |     5 |    43 |    31 ||    79
 Abil: Spit Poison       |    32 |    48 |    35 |    21 ||   136
  Use: Scroll            |     8 |       |     5 |    14 ||    27
       Potion            |       |       |     2 |     2 ||     4
 Stab: Distracted        |       |     1 |       |     2 ||     3
       Sleeping          |       |       |     2 |     2 ||     4
  Eat: Chunk             |     2 |    10 |    12 |    12 ||    36
       Ration            |       |       |     1 |     1 ||     2
Armor: Robe              |     1 |    19 |    83 |    58 ||   161
Dodge: Dodged            |    12 |    36 |   174 |   120 ||   342
       Rpst.: Long sword |       |       |    29 |       ||    29
